 Dungeon Crawl Stone Soup version 0.23-a0-315-ga85b81c (webtiles) character file.

2 namelastname112 the Magician (level 1, -2/14 HPs)
             Began as a Draconian Wanderer on Oct 13, 2018.
             Slain by a jackal (3 damage)
             ... on level 1 of the Dungeon.
             The game lasted 00:00:38 (109 turns).

namelastname112 the Magician (Draconian Wanderer)    Turns: 109, Time: 00:00:39

Health: -2/14      AC:  4    Str: 13    XL:     1   Next: 33%
Magic:  3/3        EV: 11    Int: 14    God:
Gold:   16         SH:  0    Dex:  9    Spells: 4/4 levels left

rFire    . . .     SeeInvis .   d - +0 club
rCold    . . .     Gourm    .   (no shield)
rNeg     . . .     Faith    .   (armour unavailable)
rPois    .         Spirit   .   (helmet restricted)
rElec    .         Reflect  .   (no cloak)
rCorr    .         Harm     .   (no gloves)
MR       .....                  (no boots)
Stlth    +.........             (no amulet)
HPRegen  0.04/turn              (no ring)
MPRegen  0.08/turn              (no ring)

@: no status effects
A: unfitting armour, cold-blooded, AC +4
a: no special abilities


You were on level 1 of the Dungeon.
You were not hungry.

You visited 1 branch of the dungeon, and saw 1 of its levels.

You collected 16 gold pieces.

Inventory:

Hand Weapons
 d - a +0 club (weapon)
Scrolls
 a - a scroll of remove curse {unknown}
 b - a scroll of identify {unknown}
Potions
 c - a potion of lignification
Comestibles
 f - 2 rations


   Skills:
 + Level 1.2 Stealth
   Level 1.0 Shields
 + Level 2.1 Spellcasting
   Level 1.0 Conjurations
   Level 1.7 Charms
   Level 1.0 Summonings
   Level 2.0 Translocations


You had 4 spell levels left.
You didn't know any spells.
Your spell library contained the following spells:

 Spells                   Type           Power        Failure   Level  Hunger
 Infusion                 Chrm           #...         12%         1    ##.....
 Shroud of Golubria       Chrm/Tloc      #.........   17%         2    ###....
 Song of Slaying          Chrm           #.......     17%         2    ###....
 Shock                    Conj/Air       #...         19%         1    ##.....
 Regeneration             Chrm/Necr      #.........   45%         3    ####...
 Spectral Weapon          Hex/Chrm       #.......     45%         3    ####...
 Conjure Flame            Conj/Fire      #.......     50%         3    ####...


Dungeon Overview and Level Annotations

Branches:
Dungeon (1/15)

Altars:


Innate Abilities, Weirdness & Mutations

Your plain brown scales are hard. (AC +4)
You cannot fit into any form of body armour.
You are cold-blooded and may be slowed by cold attacks.


Message History

You closely miss the jackal.
The jackal is almost dead.
The jackal closely misses you.
The jackal bites you but does no damage.
You closely miss the jackal.
Your tail-slap misses the jackal.
The jackal is almost dead.
The jackal bites you but does no damage.
The jackal closely misses you.
You hit the jackal but do no damage.
The jackal is almost dead.
The jackal bites you.
* * * LOW HITPOINT WARNING * * *
The jackal bites you but does no damage.
You take 1 damage, and have 1/14 hp.
You hit the jackal.
You kill the jackal!
The jackal misses you.
You closely miss the jackal. The jackal closely misses you.
The jackal bites you.
You die...

####....#...###.#####.#####.#
...#......................>.###
...#............#.............#
⌠..#.##.........#..########.#.#
...# #............# #...# ...+
######.#....#### #.### ...#
####....#.......# #.# ⌠..#
#.......###..##.#####.# ...#
#......hhh@..##.......# ...#
#.......#######.####### ####
+.......).# #.# #...#......#
#.# ............# #.#
.##h.........# #.# #..........#
#.# .....#.....# ###
..##+#....##


You could see 3 jackals.

Vanquished Creatures
  A jackal (D:1)
  A goblin (D:1)
  A rat (D:1)
3 creatures vanquished.

Notes
Turn   | Place    | Note
-------+----------+-------------------------------------------
     0 | D:1      | namelastname112 the Draconian Wanderer began the quest for
                  | the Orb.
     0 | D:1      | namelastname112 set off with: a potion of lignification, a
                  | +0 club, a ration
     0 | D:1      | Reached XP level 1. HP: 14/14 MP: 3/3
   109 | D:1      | Slain by a jackal

Vault maps used:
D:1:      mushboom_english_gardens, minmay_tree_intersection

Action                   || total
-------------------------++-------
Melee: Club              ||    28
Armor: Skin              ||    17
Dodge: Dodged            ||    19

Table legend:
 A = Non-vault XP
 B = Vault XP
 C = Vault XP percentage of total XP
 D = Non-vault monster count
 E = Vault monster count
 F = Vault count percentage of total count
                 A         B        C        D         E       F
            +---------+---------+-------+---------+---------+-------
      Total |       4 |       0 |   0.0 |       3 |       0 |   0.0
            +---------+---------+-------+---------+---------+-------
        D:1 |       4 |       0 |   0.0 |       3 |       0 |   0.0
            +---------+---------+-------+---------+---------+-------
